 Dungeon Crawl Stone Soup version 0.22-a0-601-gb0ed703ee0 (webtiles) character file.

6456 PikkenKukken the Blocker (level 11, -2/86 HPs)
             Began as a Formicid Fighter on July 6, 2018.
             Was an Elder of Okawaru.
             Slain by a basilisk (5 damage)
             ... on level 9 of the Dungeon.
             The game lasted 00:22:03 (8543 turns).

PikkenKukken the Blocker (Formicid Fighter)         Turns: 8543, Time: 00:22:04

Health: -2/86      AC: 18    Str: 23    XL:     11   Next: 19%
Magic:  14/15      EV:  5    Int:  7    God:    Okawaru [****..]
Gold:   341        SH:  0    Dex: 12    Spells: 10/10 levels left

rFire    . . .     SeeInvis +   a - +1 war axe
rCold    . . .     Gourm    .   g - +1 large shield
rNeg     . . .     Faith    .   m - +0 plate armour
rPois    .         Spirit   .   (helmet unavailable)
rElec    .         Reflect  .   l - +0 cloak
rCorr    .         Harm     .   (no gloves)
MR       +....                  s - +0 pair of boots
Stlth    ..........             k - amulet of the acrobat
HPRegen  0.24/turn              (no ring)
MPRegen  0.14/turn              (no ring)

@: heroism, petrifying (expiring), very slow
A: permanent stasis, dig shafts and tunnels, four strong arms, antennae 3
a: Dig, Shaft Self, Heroism, Renounce Religion


You were on level 9 of the Dungeon.
You worshipped Okawaru.
Okawaru was greatly pleased with you.
You were not hungry.

You visited 2 branches of the dungeon, and saw 10 of its levels.
You also visited: Sewer and Ossuary.

You collected 341 gold pieces.

Inventory:

Hand Weapons
 a - a +1 war axe (weapon)
Missiles
 o - 121 bolts
 B - 13 tomahawks (quivered)
Armour
 g - a +1 large shield (worn)
 l - a +0 cloak (worn)
 m - a +0 plate armour (worn)
 s - a +0 pair of boots (worn)
Jewellery
 k - an amulet of the acrobat (around neck)
 x - an uncursed amulet of harm
Wands
 b - a wand of paralysis (3)
 v - a wand of acid (10)
 y - a wand of digging (22)
 C - a wand of disintegration (3)
 F - a wand of iceblast (4)
Scrolls
 e - 4 scrolls of immolation
 h - 4 scrolls of remove curse
 i - 5 scrolls of amnesia
 j - 2 scrolls of enchant weapon
 n - 6 scrolls of enchant armour
 r - a scroll of identify
 D - a scroll of fear
 G - 3 scrolls of magic mapping
Potions
 c - 2 potions of curing
 d - a potion of might
 p - 3 potions of resistance
 q - a potion of magic
 t - 5 potions of agility
 u - a potion of berserk rage
 w - a potion of flight
 z - 2 potions of heal wounds
 E - a potion of ambrosia
Comestibles
 f - 18 rations
 A - 3 chunks of flesh


   Skills:
 + Level 7.9(12.9) Fighting
 + Level 9.2(14.2) Axes
 + Level 4.8(9.8) Throwing
 + Level 7.2(12.2) Armour
 - Level 1.3(6.3) Dodging
 + Level 9.5(14.5) Shields
 + Level 5.9 Invocations


You had 10 spell levels left.
You didn't know any spells.
Your spell library contained the following spells:

 Spells                   Type           Power        Failure   Level  Hunger
 Magic Dart               Conj           #...         99%         1    ##.....
 Apportation              Tloc           #.....       99%         1    ##.....
 Summon Small Mammal      Summ           #...         99%         1    ##.....
 Iskenderun's Mystic Bla  Conj           #.......     100%        4    #####..
 Animate Skeleton         Necr           N/A          99%         1    ##.....
 Confusing Touch          Hex            #.....       99%         1    ##.....
 Fulminant Prism          Conj/Hex       #.........   100%        4    #####..
 Dazzling Spray           Conj/Hex       #.....       100%        3    ####...
 Force Lance              Conj/Tloc      #.......     100%        4    #####..
 Searing Ray              Conj           #.....       100%        2    ###....


Dungeon Overview and Level Annotations

Branches:
Dungeon (9/15)             Temple (1/1) D:5
   Lair: D:8-11         Orc: D:9-12

Altars:
Ashenzari
Cheibriados
Dithmenos
Elyvilon
Gozag
Hepliaklqana
Kikubaaqudgha
Makhleb
Okawaru
Qazlal
Ru
Sif Muna
Trog
Uskayaw
Vehumet
Wu Jian
Xom
Jiyva


Innate Abilities, Weirdness & Mutations

You cannot be hasted, slowed, berserked, paralysed or teleported.
You can dig through walls and to a lower floor.
Your four strong arms can wield two-handed weapons with a shield.
You have a pair of large antennae on your head. (SInv)


Message History

You closely miss the basilisk.
The basilisk is lightly wounded.
The basilisk gazes at you.
You easily resist.
You closely miss the basilisk.
The basilisk is lightly wounded.
The basilisk bites you.
* * * LOW HITPOINT WARNING * * *
You miss the basilisk.
The basilisk is lightly wounded.
The basilisk gazes at you.
You are slowing down.
You slash the basilisk!
The basilisk is heavily wounded.
The basilisk gazes at you.
You easily resist.
Your limbs are stiffening.
You barely miss the basilisk.
The basilisk is heavily wounded.
The basilisk bites you!
You die... #..........# #..........# #..........# #.........(##### #..............+ #...)....((##### ####)####### {{{{

##l.# #.†@#
{ ###(#
####)####
#...(...# {
#...(...#..P
#...>.......
#...........
#...........
#...........


You could see a basilisk.

Vanquished Creatures
  A two-headed ogre (D:9)
  A hornet (D:7)
  A hippogriff (D:9)
  A spriggan (D:7)
  A yak (D:9)
  Eustachio (D:5)
  A wraith (Ossuary)
  Grum (D:8)
  A basilisk (D:9)
  An orc warrior (D:9)
  A black bear (D:7)
  3 ice beasts
  A sky beast (D:6)
  2 ogres
  7 centaurs
  4 wolves (D:8)
  A big kobold (D:9)
  Blork the orc (D:6)
  8 bullfrogs
  A water moccasin zombie (D:5)
  3 scorpions
  6 killer bees
  4 howler monkeys
  5 crimson imps
  A bullfrog zombie (D:2)
  6 jellies
  Crazy Yiuf (D:2)
  2 hounds (D:4)
  2 centaur skeletons (D:8)
  3 orc priests
  6 orc wizards
  A bullfrog skeleton (D:7)
  3 iguanas
  Terence (D:2)
  3 worker ants
  3 mummies (Ossuary)
  3 worker ant zombies
  12 adders
  3 gnolls (D:5)
  A river rat (D:4)
  17 oozes
  An adder zombie (D:5)
  An adder skeleton (D:5)
  2 dart slugs (D:2)
  3 worms
  18 leopard geckos
  29 orcs
  12 ball pythons
  7 bats
  13 giant cockroaches
  10 goblins
  3 hobgoblins (D:2)
  10 jackals
  8 kobolds
  3 quokkas
  14 frilled lizards
  A goblin zombie (Ossuary)
  A hobgoblin zombie (Ossuary)
  A kobold zombie (Ossuary)
  2 orc zombies (Ossuary)
  7 rats
271 creatures vanquished.

Notes
Turn   | Place    | Note
-------+----------+-------------------------------------------
     0 | D:1      | PikkenKukken the Formicid Fighter began the quest for the Orb.
     0 | D:1      | Reached XP level 1. HP: 18/18 MP: 1/1
   166 | D:1      | Reached XP level 2. HP: 24/24 MP: 2/2
   623 | D:2      | Reached XP level 3. HP: 19/29 MP: 3/3
   991 | D:2      | Noticed Terence
  1003 | D:2      | Killed Terence
  1003 | D:2      | Reached XP level 4. HP: 36/37 MP: 4/4
  1206 | D:2      | Reached XP level 5. HP: 27/42 MP: 5/5
  1346 | D:2      | Found a shattered altar of Ashenzari.
  1658 | D:2      | Found a runed door.
  1662 | D:2      | Noticed Crazy Yiuf
  1669 | D:2      | Killed Crazy Yiuf
  1900 | D:3      | Reached XP level 6. HP: 42/48 MP: 6/6
  2074 | D:3      | Found a hazy altar of Hepliaklqana.
  2075 | D:3      | Found a shimmering altar of Xom.
  2075 | D:3      | Found a white marble altar of Elyvilon.
  2107 | D:3      | Found a snail-covered altar of Cheibriados.
  2107 | D:3      | Found a bloodstained altar of Trog.
  2108 | D:3      | Found an ancient bone altar of Kikubaaqudgha.
  2286 | D:4      | Reached skill level 1 in Dodging
  2294 | D:4      | Reached skill level 5 in Shields
  2333 | D:4      | Reached XP level 7. HP: 18/55 MP: 7/7
  2377 | D:4      | Reached skill level 5 in Axes
  2494 | D:4      | Found a glowing drain.
  2503 | Sewer    | Entered a sewer
  3391 | D:4      | Found a shadowy altar of Dithmenos.
  3522 | D:5      | Entered Level 5 of the Dungeon
  3529 | D:5      | Reached XP level 8. HP: 47/61 MP: 8/8
  4002 | D:5      | Noticed Eustachio
  4018 | D:5      | Killed Eustachio
  4018 | D:5      | Reached skill level 5 in Fighting
  4102 | D:5      | Found a staircase to the Ecumenical Temple.
  4142 | Temple   | Entered the Ecumenical Temple
  4166 | Temple   | Became a worshipper of Warmaster Okawaru
  4311 | D:6      | Reached XP level 9. HP: 68/68 MP: 9/9
  4427 | D:6      | Found a sand-covered staircase.
  4437 | Ossuary  | Entered an ossuary
  4571 | Ossuary  | Reached skill level 1 in Throwing
  4571 | Ossuary  | Reached skill level 1 in Invocations
  4995 | D:6      | Noticed Blork the orc
  5007 | D:6      | Killed Blork the orc
  5007 | D:6      | Reached skill level 5 in Armour
  5024 | D:6      | Reached * piety under Okawaru
  6234 | D:7      | Found a hide-covered altar of Uskayaw.
  6419 | D:7      | Found a deep blue altar of Sif Muna.
  6453 | D:7      | Reached XP level 10. HP: 77/77 MP: 12/12
  6696 | D:7      | Reached ** piety under Okawaru
  6845 | D:7      | Found a burning altar of Makhleb.
  6845 | D:7      | Noticed a cacodemon
  7183 | D:8      | Noticed Grum
  7209 | D:8      | Killed Grum
  7630 | D:8      | Reached *** piety under Okawaru
  7630 | D:8      | Reached skill level 5 in Invocations
  7631 | D:8      | Found a sacrificial altar of Ru.
  7673 | D:8      | Found a deep blue altar of Sif Muna.
  8264 | D:9      | Found a viscous altar of Jiyva.
  8464 | D:9      | Noticed a two-headed ogre
  8481 | D:9      | Reached XP level 11. HP: 64/84 MP: 12/15
  8495 | D:9      | Killed a two-headed ogre
  8495 | D:9      | Reached **** piety under Okawaru
  8540 | D:9      | HP: 2/86 [basilisk (5)]
  8543 | D:9      | Slain by a basilisk

Vault maps used:
D:1:      co_arrival_two_rings, solitary_fountain, minmay_misc_feat_rows
D:2:      ashenzari_altar_1, uniq_crazy_yiuf_cottage, uniq_terence
D:3:      grunt_temple_overflow_open
D:4:      portal_sewer_entry_b, minmay_statues_item,
          grunt_dithmenos_smoke_and_mirrors
D:5:      minmay_temple_entry_overgrown, first_ration, uniq_eustachio
D:6:      lightli_ossuary_entry_decrepit_ruins, hex_large,
          minmay_misc_feat_more_columns, dk_vineyard_3, uniq_blork_the_orc
D:7:      old_standard_altar, basic_altar, kennysheep_doodads, the_bakery,
          st_stairs_10, supply_closet_lemuel, makhleb_altar_promises_db
D:8:      old_standard_altar, led_sif_book, uniq_grum
D:9:      david_lair_generic, minmay_misc_feat_square, jiyva_altar_1
Temple:   nicolae_temple_hex_pool
Sewer:    sewer_frog_island_02
Ossuary:  ossuary_kennysheep_city_of_the_dead

Skill      XL: |  1  2  3  4  5  6  7  8  9 10 11 |
---------------+----------------------------------+-----
Shields        | 4 5 6 7 8 9 |  9.5
Axes           | 3 4 5 7 8 9 |  9.2
Fighting       | 4 5 6 7 |  7.9
Dodging        | 1 |  1.3
Armour         | 4 5 6 7 |  7.2
Throwing       | 2 4 |  4.8
Invocations    | 3 5 |  5.9

Action                   |  1- 3 |  4- 6 |  7- 9 | 10-12 || total
-------------------------+-------+-------+-------+-------++-------
Melee: War axe           |    79 |   142 |   516 |   228 ||   965
Throw: Tomahawk          |       |       |       |     1 ||     1
Invok: Heroism           |       |       |     1 |     6 ||     7
 Abil: Dig               |       |       |       |     1 ||     1
  Use: Scroll            |     1 |     8 |    11 |     2 ||    22
       Potion            |       |       |     3 |       ||     3
  Eat: Chunk             |       |     5 |     8 |     3 ||    16
       Ration            |       |       |     2 |     1 ||     3
Armor: Scale mail        |    38 |    26 |       |       ||    64
       Plate armour      |       |    36 |   255 |    71 ||   362
Dodge: Dodged            |    29 |    20 |    80 |    40 ||   169
Block: Shield            |    16 |       |       |       ||    16
       Large shield      |    52 |   129 |   569 |   228 ||   978

Table legend:
 A = Spawn XP
 B = Non-spawn XP
 C = Spawn XP percentage of total XP
 D = Spawn monster count
 E = Non-spawn monster count
 F = Spawn count percentage of total count
 G = Total turns spent on level
                    A         B        C        D         E        F      G
               +---------+---------+-------+---------+---------+-------+---------
         Total |       0 |    9224 |   0.0 |       0 |     271 |   0.0 |  8543
               +---------+---------+-------+---------+---------+-------+---------
           D:1 |       0 |      15 |   0.0 |       0 |       8 |   0.0 |   599
           D:2 |       0 |     210 |   0.0 |       0 |      34 |   0.0 |  1130
           D:3 |       0 |      89 |   0.0 |       0 |      16 |   0.0 |   526
           D:4 |       0 |     311 |   0.0 |       0 |      25 |   0.0 |   626
           D:5 |       0 |     881 |   0.0 |       0 |      23 |   0.0 |   770
           D:6 |       0 |    1125 |   0.0 |       0 |      20 |   0.0 |  1356
           D:7 |       0 |    1641 |   0.0 |       0 |      24 |   0.0 |   797
           D:8 |       0 |    1779 |   0.0 |       0 |      19 |   0.0 |   928
           D:9 |       0 |    2535 |   0.0 |       0 |      28 |   0.0 |   538
         Sewer |       0 |     374 |   0.0 |       0 |      65 |   0.0 |   681
       Ossuary |       0 |     264 |   0.0 |       0 |       9 |   0.0 |   548
               +---------+---------+-------+---------+---------+-------+---------
